Map: Línea Aguablanca EE

Players

TATORREA

  • Race: Protoss Protoss
  • League: Silver
  • Spawn Location: 7:00

tigro

  • Race: Terran Terran
  • League: Bronze
  • Spawn Location: 7:00

MrFercho

  • Race: Zerg Zerg
  • League: Silver
  • Spawn Location: 6:00

CapnCook

  • Race: Zerg Zerg
  • League: Platinum
  • Spawn Location: 1:00

Guackamo

  • Race: Terran Terran
  • League: Gold
  • Spawn Location: 1:00

Bohdan

  • Race: Terran Terran
  • Spawn Location: 12:00

VOD

Have the link to the VOD?

Description

Time

  • Played on: June 26, 2020, 10:42 p.m.
  • Length: 17:59
Show
View Real Time Build Order
Export as new Build Order

TATORREA Protoss 

Build Orders:  

Get SALT Encoding   

  12  0:02  Probe  
  14  0:14  Probe  
  14  0:26  Probe  
  15  0:31  Pylon  
  15  0:49  Probe  
  16  0:51  Gateway  
  16  1:01  Probe  
  17  1:13  Probe  
  18  1:25  Probe  
  19  1:31  Assimilator  
  19  1:35  Pylon  
  19  1:47  Cybernetics Core  
  19  1:50  Probe  
  19  1:52  Nexus  
  19  1:54  Pylon  
  20  1:58  Probe  
  20  2:07  Probe  
  20  2:08  Assimilator  
  21  2:19  Probe  
  22  2:31  Probe  
  23  2:43  Probe  
  24  2:48  Pylon  
  24  2:51  Probe  
  25  2:59  Probe  
  26  3:12  Probe  
  26  3:16  Probe  
  28  3:27  Probe  
  28  3:31  Probe  
  30  3:38  Warp Gate  
  30  3:39  Probe  
  31  3:43  Pylon, Probe  
  31  3:45  Stalker  
  34  3:51  Probe  
  34  3:55  Probe  
  36  4:00  Assimilator  
  36  4:03  Probe  
  36  4:04  Assimilator  
  36  4:07  Probe  
  38  4:10  Robotics Facility  
  38  4:15  Probe  
  39  4:17  Stalker  
  39  4:19  Probe  
  42  4:27  Probe  
  42  4:29  Stargate  
  43  4:31  Probe  
  44  4:39  Probe  
  44  4:43  Probe  
  46  4:47  Stalker  
  46  4:51  Probe  
  49  4:55  Probe  
  49  4:56  Nexus  
  50  5:02  Pylon  
  50  5:07  Pylon, Probe  
  50  5:08  Probe  
  52  5:19  Probe  
  52  5:20  Probe  
  54  5:31  Gateway, Probe  
  54  5:32  Probe  
  54  5:35  Gateway  
  56  5:37  Pylon  
  56  5:40  Pylon  
  56  5:44  Probe x2  
  56  5:49  Void Ray  
  62  5:52  Stalker  
  64  5:58  Immortal  
  64  6:00  Probe x2  
  70  6:12  Probe x2  
  72  6:19  Probe  
  72  6:24  Probe x2  
  75  6:26  Assimilator  
  75  6:30  Assimilator  
  75  6:31  Probe  
  76  6:35  Fleet Beacon  
  76  6:36  Probe x2  
  76  6:39  Stargate  
  78  6:43  Stalker x2, Probe  
  78  6:46  Stalker  
  85  6:48  Probe  
  85  6:49  Probe  
  87  6:55  Probe  
  87  6:58  Immortal  
  87  6:59  Void Ray  
  87  7:00  Probe  
  97  7:10  Pylon  
  97  7:15  Pylon  
  97  7:18  Probe  
  97  7:19  Probe x2  
  97  7:22  Forge  
  100  7:24  Forge  
  100  7:26  Forge  
  100  7:38  Probe x2  
  100  7:39  Probe  
  100  7:43  Nexus  
  103  7:46  Pylon  
  103  7:48  Pylon  
  103  7:50  Probe x2  
  105  7:51  Pylon  
  105  7:58  Assimilator  
  105  8:02  Assimilator  
  85  8:10  Stalker x3  
  89  8:13  Immortal  
  89  8:14  Void Ray  
  97  8:24  Protoss Ground Weapons Level 1  
  97  8:25  Protoss Ground Armor Level 1  
  97  8:26  Probe x3, Protoss Shields Level 1  
  96  8:38  Gateway, Probe x3  
  96  8:40  Gateway  
  95  8:43  Gateway, Void Ray  
  95  8:46  Gateway  
  99  8:51  Gateway  
  99  8:57  Immortal  
  103  9:11  Stalker x2  
  103  9:12  Stalker  
  109  9:18  Carrier  
  115  9:26  Tempest  
  120  9:36  Stalker x3, Immortal  
  130  9:38  Stalker  
  132  10:01  Nexus  
  132  10:03  Pylon  
  132  10:06  Pylon  
  104  10:07  Stalker  
  104  10:08  Stalker x3  
  104  10:09  Stalker x3, Carrier  
  104  10:10  Stalker  
  122  10:15  Immortal  
  122  10:22  Void Ray  
  122  10:27  Protoss Air Weapons Level 1  
  126  10:32  Stalker x4  
  126  10:33  Stalker x3  
  126  10:34  Stalker  
  142  10:47  Twilight Council  
  142  10:55  Immortal  
  146  10:57  Stalker x2  
  146  10:58  Stalker x4  
  146  10:59  Stalker x2  
  126  11:23  Stalker x3  
  126  11:24  Stalker x4  
  126  11:25  Stalker  
  111  11:29  Void Ray x2  
  115  11:49  Stalker x3  
  115  11:50  Stalker x4  
  115  11:51  Stalker  
  109  12:12  Void Ray  
  113  12:16  Stalker x4  
  113  12:17  Stalker x2  
  113  12:18  Stalker x2  
  129  12:23  Immortal  
  91  12:45  Stalker x2  
  91  12:46  Stalker x5  
  91  12:47  Stalker  
  91  12:51  Void Ray  
  102  12:54  Protoss Ground Weapons Level 2  
  102  12:55  Void Ray  
  96  13:27  Probe x3  
  96  13:32  Probe  
  96  13:33  Void Ray  
  105  13:39  Probe x3  
  103  13:44  Probe  
  98  13:49  Stalker x4  
  98  13:50  Stalker  
  98  13:51  Stalker x2, Probe x2  
  98  13:52  Stalker  
  102  13:56  Void Ray  
  105  14:16  Void Ray  
  101  14:26  Probe x3  
  104  14:38  Probe x3  
  104  14:42  Nexus  
  104  14:45  Pylon  
  107  14:49  Pylon  
  107  14:50  Probe x2  
  107  14:51  Probe  
  110  14:56  Stalker x2, Nexus  
  110  14:57  Stalker  
  116  15:02  Probe  
  107  15:37  Stalker x3  
  107  15:38  Stalker x3  
  107  15:39  Stalker x2  
  103  15:58  Probe  
  103  15:59  Probe x2  
  106  16:06  Stalker x2  
  106  16:07  Stalker x4  
  106  16:10  Probe  
  106  16:11  Stalker, Probe x2  
  123  16:15  Stalker  
  125  16:23  Probe  
  126  16:35  Probe x3  
  126  16:36  Probe  
  130  16:43  Assimilator  
  130  16:48  Stalker x2, Assimilator  
  130  16:49  Stalker x3  
  130  16:51  Stalker  
  130  16:53  Stalker  
  144  16:56  Stalker  
  145  17:15  Stalker x3  
  147  17:16  Stalker x4  
  104  17:31  Stalker  
Show
View Real Time Build Order
Export as new Build Order

tigro Terran 

Build Orders:  

Get SALT Encoding   

  12  0:03  SCV  
  13  0:15  SCV  
  14  0:24  Supply Depot  
  14  0:27  SCV  
  15  0:36  Refinery  
  15  0:45  SCV  
  16  0:52  Barracks  
  16  0:57  SCV  
  17  1:06  Refinery  
  17  1:09  SCV  
  18  1:21  Supply Depot  
  18  1:22  SCV  
  19  1:34  SCV  
  20  1:41  Marine  
  20  1:46  SCV  
  22  1:58  SCV  
  22  1:59  Marine  
  24  2:09  Barracks  
  24  2:10  SCV  
  25  2:17  Marine  
  25  2:22  Engineering Bay  
  26  2:35  Marine  
  27  2:53  Marine  
  28  3:01  Barracks Reactor  
  28  3:02  Factory  
  28  3:10  Orbital Command  
  28  3:13  Terran Infantry Weapons Level 1  
  28  3:46  Barracks Tech Lab  
  28  3:49  Factory Tech Lab  
  28  4:00  Starport  
  28  4:15  Marine x3  
  31  4:26  Command Center  
  31  4:27  Combat Shield  
  31  4:33  Marine x3  
  31  4:38  Starport  
  34  4:51  Marine x2  
  36  4:55  Medivac  
  38  5:07  Terran Infantry Armor Level 1  
  38  5:18  Starport Tech Lab  
  38  5:28  Fusion Core  
  38  5:36  Starport Tech Lab  
  38  5:41  Refinery  
  38  5:45  Stimpack  
  38  5:52  Siege Tank  
  38  5:55  SCV  
  42  6:07  SCV  
  43  6:15  Refinery  
  43  6:19  SCV  
  43  6:20  Missile Turret, Weapon Refit  
  44  6:31  SCV  
  45  6:41  Missile Turret  
  45  6:43  SCV  
  45  6:46  Armory  
  46  6:55  SCV  
  46  7:01  Hi-Sec Auto Tracking  
  47  7:03  Missile Turret  
  47  7:08  SCV  
  48  7:16  Marine  
  48  7:17  Marine x2  
  48  7:20  SCV  
  52  7:32  SCV  
  52  7:34  Marine  
  54  7:45  Marine x2  
  54  7:46  SCV  
  57  7:52  Marine  
  57  7:56  Supply Depot  
  58  8:00  Rapid Reignition System  
  58  8:03  Marine x2  
  47  8:19  Marine  
  48  8:21  Marine x2  
  48  8:22  Terran Infantry Weapons Level 2  
  48  8:25  Supply Depot  
  50  8:37  Marine  
  50  8:39  Marine x2  
  53  8:49  SCV  
  53  8:55  Marine  
  55  8:57  Marine x2  
  55  9:01  SCV  
  58  9:13  Marine, SCV  
  58  9:15  Marine x2  
  50  9:25  SCV  
  50  9:29  Medivac x2  
  50  9:30  Marine  
  56  9:32  Marine x2  
  56  9:37  SCV  
  59  9:48  Marine  
  59  9:50  Marine x2  
  54  10:03  Command Center  
  54  10:06  Thor, Marine  
  61  10:08  Marine x2  
  62  10:24  Marine  
  62  10:26  Marine x2  
  56  10:37  Terran Infantry Armor Level 2  
  56  10:42  Marine  
  57  10:44  Marine x2  
  57  10:49  Thor  
  65  10:58  SCV  
  65  10:59  Marine  
  65  11:01  Marine x2  
  69  11:10  SCV  
  70  11:17  Marine  
  70  11:18  Refinery  
  70  11:19  Medivac x2, Marine x2  
  70  11:22  SCV  
  69  11:37  Marine  
  55  12:05  Battlecruiser  
  55  12:06  Battlecruiser  
  64  12:18  Marine x3  
  67  12:36  Marine x3  
  59  12:53  Marine  
  59  12:57  Marine x2  
  60  13:10  Battlecruiser x2  
  60  13:11  Marine  
  72  13:15  Marine x2  
  72  13:16  SCV  
  75  13:28  SCV  
  75  13:29  Marine  
  75  13:33  Marine x2  
  76  13:40  SCV  
  76  13:47  Marine  
  69  13:51  Marine x2  
  69  13:53  SCV  
  65  14:05  Marine, SCV  
  65  14:06  Refinery  
  65  14:08  Marine  
  65  14:09  Thor, Marine  
  75  14:14  Battlecruiser x2  
  87  14:22  Marine  
  88  14:26  Marine x2  
  90  14:40  Marine  
  90  14:44  Marine x2  
  93  14:53  Terran Infantry Weapons Level 3  
  93  15:50  Marine x2  
  93  15:58  Planetary Fortress  
  93  16:05  Marine  
  93  16:07  Medivac x2, Thor  
  93  16:08  Marine x2  
  59  16:23  Marine  
  60  16:26  Marine x2  
  62  16:37  Medivac x2  
  66  16:41  Marine  
  66  16:44  Marine x2  
  67  16:59  Marine  
  68  17:02  Marine x2  
  68  17:06  Medivac  
  78  17:17  Marine  
  78  17:19  Marine x2  
  70  17:34  Marine  
  65  17:37  Marine x2  
Show
View Real Time Build Order
Export as new Build Order

MrFercho Zerg 

Build Orders: Pool First, Lurkers 

Get SALT Encoding   

  12  0:01  Drone  
  13  0:17  Overlord  
  13  0:18  Drone  
  14  0:35  Drone x2  
  16  0:43  Drone  
  17  0:50  Drone  
  18  1:05  Spawning Pool  
  18  1:08  Extractor, Drone  
  17  1:11  Drone  
  18  1:27  Drone  
  18  1:28  Hatchery  
  18  1:35  Drone  
  19  1:44  Overlord  
  19  1:51  Queen  
  21  1:54  Drone  
  22  2:05  Drone  
  23  2:10  Extractor  
  22  2:25  Zergling x2  
  23  2:32  Zergling x2  
  24  2:50  Zergling x2  
  24  2:51  Zergling x4  
  27  3:00  Drone x2  
  29  3:09  Drone x4  
  29  3:12  Drone  
  34  3:16  Lair  
  35  3:20  Drone  
  35  3:25  Drone  
  36  3:33  Metabolic Boost  
  36  3:36  Overlord x2  
  36  3:42  Extractor  
  36  3:43  Extractor, Queen  
  36  3:47  Overlord  
  36  3:58  Drone  
  36  4:00  Hatchery, Drone  
  36  4:02  Drone  
  38  4:05  Drone  
  38  4:06  Drone  
  40  4:28  Zergling x8  
  44  4:37  Drone x2  
  46  4:43  Drone x2  
  46  4:44  Drone x2  
  50  5:00  Overseer  
  50  5:13  Hydralisk Den  
  49  5:15  Drone x12  
  49  5:16  Evolution Chamber  
  60  5:44  Zergling x2  
  60  5:45  Zergling x10  
  66  5:51  Infestation Pit  
  66  5:54  Hatchery  
  64  5:57  Hydralisk  
  64  5:59  Overlord  
  64  6:00  Overlord x3  
  66  6:08  Nydus Network  
  65  6:12  Muscular Augments  
  65  6:14  Zerg Missile Weapons Level 1  
  65  6:17  Hydralisk x7  
  79  6:31  Hydralisk x6  
  91  6:41  Drone, Evolution Chamber  
  91  6:42  Drone x3  
  94  6:52  Hydralisk x2  
  98  7:00  Extractor  
  97  7:04  Extractor  
  96  7:08  Zerg Ground Armor Level 1  
  96  7:11  Hive  
  96  7:13  Hydralisk x2  
  100  7:17  Overlord x2  
  100  7:18  Overlord x2  
  100  7:24  Grooved Spines  
  100  7:25  Overseer  
  100  7:26  Zergling x6  
  103  7:50  Nydus Canal  
  99  8:23  Overseer  
  53  8:46  Drone x12  
  53  8:47  Drone x2  
  67  8:53  Hydralisk x7  
  81  9:10  Spire  
  81  9:12  Hydralisk x7  
  81  9:14  Spire  
  83  9:56  Spore Crawler  
  83  9:59  Spore Crawler  
  44  10:24  Mutalisk  
  44  10:25  Mutalisk x8  
  62  10:29  Zerg Missile Weapons Level 2  
  62  10:34  Zerg Flyer Weapons Level 1  
  62  10:50  Ultralisk Cavern  
  61  11:01  Hatchery  
  60  11:05  Drone  
  60  11:06  Drone x8  
  69  11:20  Lurker Den  
  69  11:21  Mutalisk  
  69  11:22  Mutalisk  
  72  11:33  Hydralisk x3  
  70  11:48  Hydralisk  
  70  11:49  Hydralisk x3  
  68  12:08  Hydralisk x6  
  74  12:18  Lurker x3  
  74  12:19  Lurker x2  
  72  12:56  Hydralisk x4  
  72  12:57  Hydralisk x8  
  86  13:31  Hydralisk  
  86  13:32  Hydralisk x6  
  100  13:54  Hydralisk  
  100  13:55  Hydralisk x4  
  104  14:34  Ultralisk x2  
  116  14:44  Zergling x8  
  82  15:09  Extractor  
  82  15:10  Corruptor x5  
  91  15:36  Corruptor  
  91  15:37  Corruptor x3  
  87  16:10  Corruptor  
Show
View Real Time Build Order
Export as new Build Order

CapnCook Zerg 

Build Orders: Pool First 

Get SALT Encoding   

  12  0:01  Drone  
  13  0:14  Drone  
  14  0:26  Spawning Pool  
  13  0:34  Overlord  
  13  0:42  Drone  
  14  0:45  Extractor, Drone  
  14  0:53  Drone  
  15  1:16  Zergling x4  
  15  1:17  Queen  
  19  1:18  Zergling x2  
  20  1:39  Zergling x4  
  22  1:55  Hatchery  
  21  2:02  Metabolic Boost  
  21  2:27  Zergling x2  
  21  2:28  Overlord  
  19  2:52  Lair  
  19  2:54  Drone x3  
  22  3:10  Drone  
  22  3:11  Drone x2  
  22  3:12  Queen  
  25  3:18  Drone  
  28  3:22  Extractor, Drone  
  28  3:30  Overlord  
  28  3:50  Spire  
  28  3:53  Drone x3  
  30  3:56  Drone  
  30  4:02  Zergling x4  
  33  4:05  Zergling x2  
  33  4:08  Zergling x2  
  35  4:15  Overlord  
  35  4:17  Overseer  
  35  4:22  Drone  
  36  4:28  Extractor  
  36  4:30  Extractor  
  34  4:37  Drone x4  
  38  4:40  Drone x2  
  38  4:41  Drone  
  38  4:45  Drone  
  42  4:52  Overlord  
  42  5:04  Mutalisk  
  44  5:12  Mutalisk x2  
  48  5:18  Drone x3  
  48  5:19  Drone  
  52  5:24  Overlord  
  52  5:28  Zerg Flyer Weapons Level 1  
  52  5:34  Overlord  
  52  5:43  Drone x3  
  52  5:49  Drone x3  
  58  5:54  Mutalisk  
  58  5:55  Mutalisk  
  62  5:59  Mutalisk  
  64  6:04  Mutalisk  
  66  6:21  Drone x2  
  68  6:26  Overlord  
  68  6:29  Overlord  
  68  6:35  Hatchery, Infestation Pit  
  68  6:37  Evolution Chamber  
  65  6:42  Drone x3  
  68  6:51  Mutalisk x2  
  68  6:53  Mutalisk  
  74  6:57  Mutalisk  
  74  7:00  Mutalisk  
  78  7:08  Zerg Melee Weapons Level 1  
  78  7:19  Hive  
  78  7:20  Zergling x2  
  78  7:21  Zergling x8  
  83  7:24  Overlord  
  83  7:32  Overlord x2  
  83  7:39  Pathogen Glands  
  83  7:44  Mutalisk  
  80  8:19  Mutalisk  
  74  8:20  Mutalisk x3  
  74  8:22  Zergling x18  
  74  8:24  Zergling x2  
  65  8:44  Zergling x2  
  65  8:45  Zergling x18  
  65  8:46  Zergling x2  
  76  8:52  Extractor  
  76  8:53  Queen  
  76  8:54  Extractor  
  76  8:58  Queen  
  78  9:07  Mutalisk x2  
  74  9:24  Mutalisk x2  
  74  9:26  Zergling x4  
  74  9:27  Zergling x10  
  73  10:05  Infestor x3  
  78  10:08  Zergling x24  
  90  10:26  Greater Spire  
  90  10:29  Overlord x4  
  90  10:32  Pneumatized Carapace  
  90  10:49  Adrenal Glands  
  90  10:50  Drone  
  90  10:51  Drone x3  
  90  10:53  Drone  
  95  11:00  Drone  
  96  11:07  Drone x3  
  60  11:55  Mutalisk  
  60  11:56  Mutalisk x8  
  78  12:23  Corruptor x4  
  78  12:26  Zergling x16  
  94  12:31  Drone x3  
  97  12:41  Drone x2  
  97  12:42  Drone x3  
  102  12:46  Corruptor  
  102  12:49  Corruptor  
  102  12:50  Hatchery  
  105  12:53  Corruptor  
  107  13:14  Drone x3  
  107  13:18  Zerg Ground Armor Level 1  
  110  13:24  Brood Lord x2  
  114  13:28  Brood Lord  
  114  13:31  Zergling x2  
  114  13:32  Zergling x10  
  114  13:33  Overlord  
  122  13:34  Overlord  
  122  14:02  Mutalisk  
  119  14:03  Mutalisk x4  
  119  14:09  Overseer x2  
  129  14:22  Zerg Flyer Armor Level 1  
  129  14:47  Hydralisk Den  
  107  14:56  Brood Lord x3  
  107  14:59  Zergling x2  
  110  15:00  Zergling x40  
  126  15:24  Hydralisk x6  
  126  15:27  Hatchery  
  137  15:30  Grooved Spines  
  137  15:33  Zerg Missile Weapons Level 1  
  133  15:46  Hydralisk x2  
  133  15:49  Overlord x6  
  136  16:17  Hydralisk x3  
  136  16:18  Hydralisk x9  
  159  16:47  Hydralisk x11  
  178  16:56  Hydralisk x2  
  177  17:21  Hydralisk  
  177  17:22  Hydralisk x9  
  176  17:32  Hydralisk x3  
  176  17:34  Hydralisk  
Show
View Real Time Build Order
Export as new Build Order

Guackamo Terran 

Build Orders:  

Get SALT Encoding   

  12  0:01  SCV  
  13  0:13  SCV  
  14  0:18  Supply Depot  
  14  0:26  SCV  
  15  0:40  SCV  
  15  0:41  Barracks  
  16  0:52  SCV  
  16  0:55  Barracks  
  17  1:04  SCV  
  17  1:08  Supply Depot  
  18  1:41  Command Center  
  18  1:43  Marine  
  18  1:45  Marine  
  20  2:11  Orbital Command  
  20  2:14  Refinery  
  20  2:16  Refinery  
  20  2:21  Barracks  
  20  2:40  SCV  
  21  2:45  Barracks Tech Lab  
  21  2:56  Supply Depot, SCV  
  22  3:01  Orbital Command  
  22  3:08  SCV  
  23  3:20  SCV  
  23  3:24  Engineering Bay  
  23  3:26  Barracks Reactor  
  24  3:32  Refinery  
  24  3:34  SCV  
  25  3:36  SCV  
  26  3:43  Barracks Reactor  
  26  3:46  Marine, SCV  
  26  3:48  SCV  
  29  3:56  Refinery  
  29  3:58  SCV  
  29  4:00  SCV  
  29  4:02  Marine  
  32  4:03  Marine  
  32  4:04  Marine  
  32  4:07  Factory  
  34  4:10  Combat Shield  
  34  4:16  Terran Infantry Weapons Level 1  
  34  4:20  Marine, SCV  
  34  4:21  Marine, SCV  
  34  4:23  Marine x2  
  40  4:24  Marine  
  41  4:32  SCV  
  41  4:33  SCV  
  43  4:40  Supply Depot  
  43  4:43  Supply Depot, Missile Turret  
  43  4:47  Marine  
  43  4:49  Missile Turret  
  43  4:51  SCV  
  45  5:02  SCV  
  45  5:03  SCV  
  45  5:04  Factory Tech Lab  
  47  5:07  Marine  
  47  5:08  Marine  
  47  5:09  Marine  
  47  5:12  Marine  
  47  5:14  SCV  
  52  5:15  SCV  
  53  5:27  SCV  
  54  5:31  Marine  
  54  5:33  Command Center  
  55  5:36  Siege Tank  
  55  5:38  Marine  
  55  5:39  SCV  
  60  5:47  Supply Depot  
  60  5:51  SCV x2  
  60  5:53  Supply Depot  
  60  5:55  Marine x2  
  60  5:56  Supply Depot  
  64  6:03  SCV  
  65  6:08  Siege Tank  
  68  6:12  Terran Infantry Armor Level 1  
  68  6:15  SCV  
  68  6:17  Armory  
  68  6:18  SCV  
  70  6:25  Marine x4  
  74  6:33  Marine  
  75  6:43  Marine, Starport  
  75  6:46  Starport  
  76  6:50  Starport  
  76  6:52  Planetary Fortress  
  76  7:04  Missile Turret x2  
  76  7:09  SCV  
  77  7:16  SCV  
  77  7:22  SCV  
  79  7:24  Refinery  
  79  7:26  Starport Tech Lab x3  
  79  7:27  Refinery  
  79  7:28  SCV  
  80  7:32  Starport Reactor x3  
  80  7:39  Armory, Terran Vehicle And Ship Armor Level 1  
  80  7:47  Siege Tank  
  80  7:50  Marine x2  
  80  7:51  Marine x3  
  87  7:53  SCV  
  89  8:05  SCV  
  88  8:17  SCV  
  88  8:29  Marine x3  
  88  8:30  Marine x2  
  93  8:47  Marine x3  
  96  8:49  Fusion Core, SCV  
  96  8:51  SCV  
  98  9:01  SCV  
  99  9:03  SCV  
  99  9:05  Marine  
  99  9:06  Marine x4, Missile Turret  
  99  9:09  Viking x2  
  109  9:30  Terran Ship Weapons Level 1  
  109  9:33  Terran Vehicle And Ship Armor Level 2  
  109  9:52  SCV  
  109  10:16  SCV  
  109  10:42  Viking x4, Marine x4, SCV, Siege Tank  
  125  10:43  Viking x2, Marine  
  125  10:46  SCV  
  131  10:50  Supply Depot  
  131  10:51  Supply Depot x2  
  131  10:52  Supply Depot  
  131  10:56  Supply Depot  
  131  10:59  Marine  
  131  11:00  Marine x4  
  136  11:12  Viking x4  
  136  11:13  Viking x2  
  136  11:17  Marine  
  140  11:41  Marine x5  
  140  11:42  Viking x4  
  140  11:43  Viking  
  155  11:58  Marine  
  155  11:59  Marine x4  
  157  12:16  Marine  
  157  12:17  Marine x3  
  120  13:09  Marine x4  
  120  13:10  Viking x5  
  120  13:11  Viking  
  119  13:31  Marine x2  
  119  13:32  Marine x3  
  124  13:40  Viking x3  
  130  13:49  Marine  
  130  13:54  Barracks x2  
  131  13:57  Barracks  
  131  14:00  Barracks  
  131  14:43  Missile Turret  
  131  14:48  Missile Turret  
  131  14:49  Command Center, Missile Turret  
  131  14:50  Missile Turret  
  131  14:53  Missile Turret  
  131  14:54  Missile Turret, Refinery  
  131  14:55  Missile Turret  
  131  14:56  Command Center  
  131  15:00  Refinery  
  131  15:01  Viking x2  
  131  15:05  Command Center  
  135  15:11  Command Center  
  135  15:15  Supply Depot  
  135  15:16  Supply Depot  
  135  15:17  Supply Depot  
  121  16:22  Viking x2  
  121  16:23  Viking x4  
  133  16:39  Planetary Fortress  
  132  16:59  Planetary Fortress  
  132  17:02  SCV  
  133  17:14  SCV  
Show
View Real Time Build Order
Export as new Build Order

Bohdan Terran 

Build Orders:  

Get SALT Encoding   

  12  0:02  SCV  
  14  0:14  SCV  
  14  0:19  Supply Depot  
  14  0:26  SCV  
  15  0:47  Supply Depot  
  15  0:50  Barracks  
  15  0:53  SCV  
  16  1:05  SCV, Refinery  
  17  1:17  SCV  
  18  1:29  SCV  
  19  1:52  Marine  
  20  2:10  Marine  
  20  2:13  Barracks  
  20  2:14  Barracks  
  21  2:18  Barracks  
  21  2:27  Marine  
  22  2:33  Engineering Bay  
  22  2:34  SCV  
  23  2:45  Marine  
  24  2:51  SCV  
  24  2:57  Supply Depot  
  25  3:02  Terran Infantry Weapons Level 1  
  25  3:06  Marine x2  
  25  3:07  Marine x2  
  29  3:18  Refinery  
  29  3:25  Supply Depot  
  29  3:28  Barracks Tech Lab  
  29  3:31  Barracks Reactor  
  29  3:38  Marine x2  
  31  3:54  Marine  
  31  3:55  Factory  
  32  3:56  Marine x2  
  34  4:12  Stimpack, Marine  
  35  4:18  Barracks Tech Lab  
  35  4:25  Marine  
  35  4:26  Marine  
  37  4:39  Marine  
  37  4:42  Marine  
  37  4:44  Marauder  
  41  4:49  Factory Tech Lab  
  41  4:56  Marine  
  41  4:58  Command Center  
  42  5:00  Marauder  
  42  5:05  Marauder  
  46  5:14  Supply Depot  
  46  5:30  Marine  
  46  5:35  Marine, Siege Tank  
  51  5:36  Barracks Reactor  
  51  5:39  Marauder x2  
  55  6:01  Supply Depot  
  55  6:09  Marine  
  56  6:16  SCV  
  57  6:21  Marine x3  
  57  6:23  Supply Depot  
  60  6:28  SCV  
  61  6:47  Siege Tank  
  61  6:48  Marine x2  
  61  6:49  Marine  
  61  6:50  Marine  
  68  6:57  Orbital Command  
  68  7:18  Marine x4  
  68  7:20  Marine  
  75  7:23  Marauder  
  75  7:30  SCV  
  75  7:32  Supply Depot  
  76  7:42  SCV  
  76  7:43  SCV  
  78  7:54  Combat Shield, SCV  
  78  7:57  Terran Infantry Armor Level 1  
  79  8:47  Marine x2  
  79  8:48  Marine x2  
  83  8:49  Marauder  
  83  8:52  SCV  
  86  8:58  Marine  
  86  8:59  Refinery  
  87  9:04  SCV  
  87  9:05  Marine  
  89  9:12  Starport  
  89  9:16  SCV  
  90  9:18  Marine x3  
  93  9:25  Marine  
  94  9:31  Supply Depot  
  94  9:51  Starport  
  94  9:53  Supply Depot, Marine, SCV  
  96  10:05  SCV  
  96  10:16  Supply Depot  
  96  10:18  Marine x3  
  96  10:19  Marine x3  
  101  10:36  Marine x4  
  101  10:37  Marine x2  
  107  10:47  Starport Tech Lab  
  107  10:48  Starport Tech Lab  
  107  10:54  Marine  
  107  10:55  Marauder x2  
  107  10:56  SCV  
  113  11:08  SCV  
  114  11:14  Fusion Core  
  114  11:20  SCV  
  107  11:39  Medivac  
  80  12:12  Marine  
  80  12:13  Marine x5  
  78  12:29  Battlecruiser x2  
  90  12:30  Marine x2  
  90  12:31  Marauder, Marine x2  
  90  12:32  Marauder  
  96  12:48  Marine x3  
  96  12:49  Marine  
  100  12:53  Marauder x2  
  104  13:02  Supply Depot  
  104  13:06  Marine x4  
  108  13:14  Marauder x2  
  112  13:24  Supply Depot, Marine  
  113  13:33  Battlecruiser x2  
  125  13:35  Marine  
  125  13:42  Marauder  
  125  13:48  Supply Depot  
  107  13:56  Marine  
  107  13:57  Marine x4  
  112  14:03  Marine  
  113  14:14  Marine  
  94  14:38  Marine x4, Battlecruiser x2  
  107  14:39  Marine x2  
  112  14:52  Command Center  
  112  14:56  Marine  
  112  14:58  Marauder x2  
  117  15:03  Marine x2  
  117  15:04  Marine  
  120  15:13  Marine  
  121  15:18  Marine  
  122  15:28  Marine x2  
  123  15:29  Marine x2  
  123  15:34  Marine  
  127  15:36  Marine  
  128  15:45  Battlecruiser  
  128  15:46  Marine x2  
  136  15:58  Marine x2  
  136  15:59  Marine  
  139  16:19  Battlecruiser  
  133  16:51  Battlecruiser  
  139  16:54  Marine x3  
  139  16:55  Marine x3  
  145  17:12  Marine x4, SCV  
  145  17:13  Marine  
  151  17:25  SCV  
  155  17:36  Marine x2  
Tags
 
Add a new tag
Caveats
  • Supply blocks, unpowered buildings, or Contaminate may cause inaccurate times.
  • Supply counts are checked every 10 seconds.